 Dungeon Crawl Stone Soup version 0.16.1-11-g651b585 (webtiles) character file.

3407 xsansara the Jinx (level 9, 0/57 HPs)
             Began as a Vampire Enchanter on Apr 2, 2015.
             Was a Believer of Dithmenos.
             Slain by an orc knight
             ... wielding a +0 glaive
              (12 damage)
             ... in a bailey.
             The game lasted 00:37:29 (8716 turns).

xsansara the Jinx (Vampire Enchanter)               Turns: 8716, Time: 00:37:29

Health: 0/57       AC:  8    Str:  8    XL:     9   Next: 75%
Magic:  10/15      EV: 17    Int: 19    God:    Dithmenos [**....]
Gold:   351        SH:  0    Dex: 18    Spells: 3 memorised, 3 levels left

rFire  . . .     SeeInvis +     h - +3 dagger (vamp)
rCold  + + .     Clarity  .     b - +2 robe
rNeg   + + +     SustAb   .     (no shield)
rPois  ∞         Gourm    .     z - +0 helmet
rElec  .         Spirit   .     (no cloak)
rCorr  .         Warding  .     E - +2 pair of gloves
rMut   +         Stasis   .     (no boots)
MR     .....                    H - amulet of resist mutation
Stlth  +++++++...               l - +4 ring of evasion
                                i - +4 ring of dexterity

@: bloodless, non-regenerating, wreathed by umbra, not resistant to hostile
enchantments, extremely stealthy
A: bottle blood, fangs 3, see invisible, unbreathing
a: Bat Form, Shadow Step, Renounce Religion


You were in a bailey.
You worshipped Dithmenos.
Dithmenos was pleased with you.
You were bloodless.

You visited 1 branch of the dungeon, and saw 8 of its levels.
You also visited: Bailey.

You collected 351 gold pieces.

Inventory:

Hand weapons
 a - a +1 dagger
 h - a +3 vampiric dagger (weapon)
 v - a +2 dagger of venom
Missiles
 r - 6 tomahawks (quivered)
 w - 7 poisoned needles
 D - 3 poisoned javelins
Armour
 b - a +2 robe (worn)
 u - a +1 leather armour of magic resistance
 z - a +0 helmet (worn)
 E - a +2 pair of gloves (worn)
Jewellery
 i - a +4 ring of dexterity (left hand)
 l - a +4 ring of evasion (right hand)
 H - an amulet of resist mutation (around neck)
Magical devices
 g - a wand of hasting (1)
 B - a wand of confusion (27)
 F - a wand of slowing (17)
 G - a wand of disintegration (9)
Scrolls
 k - a scroll of identify
 n - 2 scrolls of remove curse
 o - 2 scrolls of blinking
 y - 2 scrolls of amnesia
 C - a scroll of fog
Potions
 d - 9 potions of blood
 e - 5 potions of curing
 f - a potion of haste
 j - a potion of flight
 p - 2 potions of restore abilities
 q - a potion of brilliance
 s - 2 potions of magic
 t - 2 potions of heal wounds
 x - a potion of agility
Books
 c - a book of Maledictions

   Spells                             Type                      Level
   a - Corona                         Hexes                        1
   b - Sure Blade                     Hexes/Charms                 2
   c - Ensorcelled Hibernation        Hexes/Ice                    2
   d - Confuse                        Hexes                        3
   e - Dazzling Spray                 Conjuration/Hexes            3
   f - Enslavement                    Hexes                        4
 m - a book of Conjurations

   Spells                             Type                      Level
   a - Magic Dart                     Conjuration                  1
   b - Searing Ray                    Conjuration                  2
   c - Dazzling Spray                 Conjuration/Hexes            3
   d - Fulminant Prism                Conjuration/Hexes            4
   e - Iskenderun's Mystic Blast      Conjuration                  4
   f - Iskenderun's Battlesphere      Conjuration/Charms           5
 A - a book of the Tempests

   Spells                             Type                      Level
   a - Static Discharge               Conjuration/Air              3
   b - Lightning Bolt                 Conjuration/Air              5
   c - Fireball                       Conjuration/Fire             5
   d - Tornado                        Air                          9
   e - Shatter                        Earth                        9
 I - Xabruin's Reference Book on Dark Rites
   (You found it on level 8 of the Dungeon)

   Spells                             Type                      Level
   a - Pain                           Necromancy                   1
   b - Regeneration                   Charms/Necromancy            3
   c - Vampiric Draining              Necromancy                   3
   d - Animate Dead                   Necromancy                   4
   e - Simulacrum                     Ice/Necromancy               6


   Skills:
 + Level 9.1 Short Blades
 - Level 2.3 Dodging
 - Level 9.1 Stealth
 - Level 2.1 Spellcasting
 + Level 14.0 Hexes


You had 3 spell levels left.
You knew the following spells:

 Your Spells              Type           Power        Failure   Level  Hunger
a - Enslavement           Hex            ######..     1%          4    #####..
b - Ensorcelled Hibernat  Hex/Ice        ####..       1%          2    ##.....
c - Confuse               Hex            ######..     1%          3    ###....


Dungeon Overview and Level Annotations

Branches:
Dungeon (8/15)             Temple (0/1) D:7
   Lair: D:8-11

Altars:
Dithmenos

Shops:
D:4 :}}


Innate Abilities, Weirdness & Mutations

You do not heal naturally.
You can bottle blood from corpses.
You have razor-sharp teeth.
You have supernaturally acute eyesight.
You can survive without breathing.


Message History

The orc warrior hits your orc warrior with a glaive!!
Dithmenos accepts your kill.
Your Hexes skill increases to level 14!
You feel a bit more experienced.
The orc knight hits you from afar with a glaive!!
The orc knight hits you from afar with a glaive!!
* * * LOW HITPOINT WARNING * * *
You can't open doors in your present form.
Use which ability? (? or * to list)
Your transformation has ended.
Your +3 vampiric dagger unmelds from your body.
Your +0 helmet unmelds from your body.
Your +2 pair of gloves unmelds from your body.
Your +2 robe unmelds from your body.
Your +4 ring of dexterity unmelds from your body.
Your +4 ring of evasion unmelds from your body.
You feel a bloodthirsty glee!
You feel agile.
The orc knight hits you from afar with a glaive!
You die...

### #########∩##
## ##.....##.∩.#
....
#..≈≈≈..#...#..≈≈≈
#@≈≈.≈≈.......≈≈.≈
+.≈o.)≈.......≈oo.
#.≈≈)≈≈.......≈≈.≈
#..≈≈≈..#...#..≈≈≈
##.....##...##....
#########∩## ###
###


You could see an orc knight.

Vanquished Creatures
  A hydra (D:6)
  An orc warrior (D:6)
  A black bear (D:7)
  3 sky beasts
  2 ice beasts (D:6)
  4 ogres
  A centaur (D:5)
  Duvessa (D:4)
  2 scorpions (D:6)
  3 crimson imps
  A goliath beetle (D:7)
  Dowan (D:4)
  2 giant frog zombies
  4 orc priests
  2 hounds
  3 iguanas
  2 giant frog skeletons
  7 orc wizards
  6 worker ants
  Jessica (D:3)
  A hound skeleton (D:5)
  A worker ant zombie (D:5)
  6 adders
  4 gnolls
  A giant mite (D:7)
  3 worms
  An adder skeleton (D:6)
  2 giant geckos
  An ooze (D:3)
  19 orcs
  13 bats
  A bat zombie (D:7)
  3 giant cockroaches
  7 goblins
  6 hobgoblins
  16 jackals
  7 kobolds
  2 ball pythons
  A giant cockroach zombie (D:5)
  A giant gecko zombie (D:6)
  3 giant newts
  3 giant spores
  A jackal skeleton (D:6)
  3 quokkas
  15 rats
  6 ballistomycetes
175 creatures vanquished.

Vanquished Creatures (collateral kills)
  An orc knight (Bailey)
  3 orc warriors (Bailey)
  An orc (D:6)
5 creatures vanquished.

Vanquished Creatures (others)
  An orc knight (Bailey)
  2 orc warriors (Bailey)
  2 orcs
5 creatures vanquished.

Grand Total: 185 creatures vanquished

Notes
Turn   | Place    | Note
--------------------------------------------------------------
     0 | D:1      | xsansara, the Vampire Enchanter, began the quest for the Orb.
     0 | D:1      | Reached XP level 1. HP: 13/13 MP: 3/3
   363 | D:1      | Reached XP level 2. HP: 13/19 MP: 4/4
   390 | D:1      | Learned a level 2 spell: Ensorcelled Hibernation
   936 | D:2      | Reached skill level 5 in Stealth
  1200 | D:2      | Reached skill level 5 in Hexes
  1282 | D:2      | Reached XP level 3. HP: 24/24 MP: 6/6
  1287 | D:2      | Learned a level 3 spell: Confuse
  1740 | D:3      | Reached skill level 6 in Stealth
  1740 | D:3      | Reached XP level 4. HP: 30/30 MP: 4/7
  1795 | D:3      | Noticed Jessica
  1808 | D:3      | Killed Jessica
  2605 | D:3      | Reached XP level 5. HP: 12/35 MP: 5/9
  3217 | D:4      | Found Gucar's Gadget Emporium.
  3357 | D:4      | Reached skill level 7 in Stealth
  3503 | D:4      | Found Kumyomox's Gadget Shoppe.
  3827 | D:4      | Noticed Duvessa
  3827 | D:4      | Noticed Dowan
  3828 | D:4      | Reached XP level 6. HP: 41/41 MP: 10/10
  3833 | D:4      | Killed Duvessa
  3833 | D:4      | Reached skill level 8 in Stealth
  3871 | D:4      | Killed Dowan
  3914 | D:4      | Found Isen's Book Shoppe.
  4278 | D:5      | Entered Level 5 of the Dungeon
  4375 | D:5      | Reached skill level 9 in Stealth
  4405 | D:5      | Reached XP level 7. HP: 46/46 MP: 12/12
  4564 | D:5      | Found a shadowy altar of Dithmenos.
  4570 | D:5      | Became a worshipper of Dithmenos the Shadowed
  4660 | D:5      | Learned a level 4 spell: Enslavement
  4962 | D:5      | Reached skill level 10 in Hexes
  5477 | D:6      | Reached XP level 8. HP: 52/52 MP: 13/13
  5569 | D:6      | Reached skill level 5 in Short Blades
  5717 | D:6      | Reached skill level 11 in Hexes
  6162 | D:6      | Noticed a four-headed hydra
  6479 | D:6      | Killed a four-headed hydra
  6479 | D:6      | Reached skill level 12 in Hexes
  6479 | D:6      | Reached XP level 9. HP: 57/57 MP: 9/15
  6953 | D:6      | Acquired Dithmenos' first power
  7422 | D:7      | Reached skill level 13 in Hexes
  7448 | D:7      | Found a staircase to the Ecumenical Temple.
  8475 | D:8      | Found a flagged portal.
  8494 | D:8      | Identified Xabruin's Reference Book on Dark Rites (You found it on level 8 of the Dungeon)
  8498 | Bailey   | Entered a bailey
  8498 | Bailey   | Noticed an orc knight
  8498 | Bailey   | Noticed an orc knight
  8506 | Bailey   | an orc knight (ally) was killed
  8507 | Bailey   | Noticed an orc knight
  8623 | Bailey   | Killed an orc knight
  8710 | Bailey   | Reached skill level 14 in Hexes
  8716 | Bailey   | Slain by an orc knight

Action                   |  1- 3 |  4- 6 |  7- 9 || total
-------------------------+-------+-------+-------++-------
Melee: Dagger            |   127 |   208 |   409 ||   744
Throw: Tomahawk          |       |     1 |     6 ||     7
 Cast: Confuse           |     2 |    14 |    31 ||    47
       Enslavement       |       |       |    13 ||    13
       Ensorcelled Hiber |       |       |     1 ||     1
 Abil: End Transformatio |       |       |     2 ||     2
       Bat Form          |       |       |     2 ||     2
Evoke: Wand              |       |       |     2 ||     2
  Use: Scroll            |     4 |    11 |     6 ||    21
       Potion            |       |       |     2 ||     2
 Stab: Sleeping          |    13 |     6 |    30 ||    49
       Confused          |     1 |     6 |    14 ||    21
       Distracted        |       |     1 |       ||     1
